 Dungeon Crawl Stone Soup version 0.19-a0-1740-g0bcaf2e (webtiles) character file.

43532 Amnesiac the Bludgeoner (level 14, -4/169 HPs)
             Began as an Ogre Monk on Oct 1, 2016.
             Was an Initiate of Gozag.
             Killed from afar by an orc sorcerer (32 damage)
             ... with a bolt of fire
             ... on level 2 of the Orcish Mines.
             The game lasted 00:33:16 (20552 turns).

Amnesiac the Bludgeoner (Ogre Monk)                Turns: 20552, Time: 00:33:17

Health: -4/169     AC: 16    Str: 19    XL:     14   Next: 24%
Magic:  14/14      EV: 15    Int: 11    God:    Gozag
Gold:   2455       SH:  0    Dex: 16    Spells: 0 memorised, 13 levels left

rFire  . . .     SeeInvis .     H - +4 dire flail (drain)
rCold  . . .     Gourm    .     R - +4 swamp dragon armour
rNeg   + + .     Faith    .     (shield currently unavailable)
rPois  +         Spirit   .     (helmet restricted)
rElec  .         Dismiss  .     a - +0 cloak
rCorr  .         Reflect  .     (gloves unavailable)
MR     +....     Harm     .     (boots unavailable)
Stlth  +.........               m - amulet of rage
                                D - ring of positive energy
                                f - ring of positive energy

@: gold aura
A: unfitting armour, clever 1, robust 1, tough skin 1, no device heal 1
a: Potion Petition, Call Merchant, Bribe Branch, Renounce Religion, Evoke
Berserk Rage


You were on level 2 of the Orcish Mines.
You worshipped Gozag.
Gozag was most pleased with you.
You were full.

You visited 3 branches of the dungeon, and saw 15 of its levels.
You also visited: Ossuary.

You collected 5804 gold pieces.
You spent 1218 gold pieces at shops.
You paid 2131 gold pieces to Gozag.

Inventory:

Hand Weapons
 b - a +0 giant spiked club of crushing
 u - a +1 giant club of venom
 H - a +4 dire flail of draining (weapon)
Missiles
 L - 3 throwing nets (quivered)
 S - 19 large rocks
Armour
 a - a +0 cloak (worn)
 J - the +1 robe of the Elven Halls {*Slow rElec rN++ Str+4}
   (You bought it in a shop on level 9 of the Dungeon)

   It affects your strength (+4).
   It insulates you from electricity.
   It greatly protects you from negative energy.
   It may slow you when you take damage.
 R - a +4 swamp dragon armour (worn)
Jewellery
 f - a ring of positive energy (left hand)
 m - an amulet of rage (around neck)
 r - an uncursed ring of fire
 A - an uncursed ring of resist corrosion
 D - a ring of positive energy (right hand)
 P - an uncursed ring of ice
Wands
 p - a wand of random effects (25/48)
 s - a wand of digging (14/24)
Scrolls
 d - 4 scrolls of magic mapping
 e - 4 scrolls of enchant weapon
 g - a scroll of vulnerability
 h - 5 scrolls of fear
 k - 4 scrolls of remove curse
 l - 10 scrolls of identify
 y - a scroll of teleportation
 I - a scroll of recharging
 U - a scroll of amnesia
Potions
 i - 2 potions of brilliance
 j - a potion of agility
 n - a potion of cancellation
 o - 3 potions of ambrosia
 q - 5 potions of curing
 t - a potion of haste
 v - 2 potions of resistance
 w - 3 potions of might
 x - 4 potions of flight
 C - 2 potions of heal wounds
 Q - a potion of experience
Books
 z - a book of Callings

   Spells                             Type                      Level
   a - Summon Small Mammal            Summoning                    1
   b - Call Imp                       Summoning                    2
   c - Call Canine Familiar           Summoning                    3
   d - Summon Guardian Golem          Hexes/Summoning              3
   e - Summon Lightning Spire         Summoning/Air                4
   f - Summon Ice Beast               Ice/Summoning                4
 K - a book of Beasts

   Spells                             Type                      Level
   a - Summon Butterflies             Summoning                    1
   b - Call Canine Familiar           Summoning                    3
   c - Summon Ice Beast               Ice/Summoning                4
   d - Summon Mana Viper              Hexes/Summoning              5
   e - Summon Hydra                   Summoning                    7
Comestibles
 c - 7 bread rations
 N - 10 slices of pizza


   Skills:
 - Level 13.7 Fighting
 - Level 18.1 Maces & Flails
 + Level 10.9 Armour
 - Level 10.0 Dodging
 - Level 1.5 Stealth


You had 13 spell levels left.
You didn't know any spells.

Dungeon Overview and Level Annotations

Branches:
Dungeon (12/15)            Temple (1/1) D:4            Lair (0/6) D:10
    Orc (2/2) D:12            Elf (0/3) Orc:2

Altars:
Dithmenos
Elyvilon
Fedhas
Gozag
Hepliaklqana
Kikubaaqudgha
Makhleb
Nemelex Xobeh
Okawaru
Qazlal
Ru
Sif Muna
Trog
Uskayaw
Vehumet
Xom
Yredelemnul
Zin
The Shining One
Beogh

Shops:
D:4 :   D:6 (   D:9 [   D:12 [}   Orc:1 }   Orc:2 !??

Annotations:
D:12 1 runed door


Innate Abilities, Weirdness & Mutations

You are too large for most types of armour.
You have tough skin. (AC +1)
Your mind is acute. (Int +2)
You are robust. (+10% HP)
Potions and wands are less effective at restoring your health.


Message History

* * * LOW HITPOINT WARNING * * *
You are too injured to fight recklessly!
You are too injured to fight recklessly!
You bludgeon the orc high priest!!
The orc high priest is heavily wounded.
The orc high priest hits you with a long sword.
* * * LOW HITPOINT WARNING * * *
You bludgeon the orc high priest!!
You kill the orc high priest!
The red devil hits you from afar with a trident!
* * * LOW HITPOINT WARNING * * *
The orc sorcerer hits you but does no damage.
The red devil closely misses you.
Unknown command.
You thump the orc sorcerer!
The orc sorcerer is moderately wounded.
The orc sorcerer casts a spell at you. The bolt of fire hits you!
You die...
Your body crumbles into a pile of gold.

##.#..........)..#.##
#......#....#)).....#
......###...##...#.##
......# ##.###..####
.))..## ####..####
.)))..## ##..###.##
.......# ##).###.4.##
......####..###$#o#.##
.....####))###..@#§..##
.#...###).###...###o4.##
....###))###)..##3##4$.##
.#####.))).)..##...##$$.##
# ..###....#...##
#o.##o..# ####
.###...#....## #..##3#.##
#.#. ###∩.#.....##
#o......# #..#
##.....#..##
##4#.....###.#
###∩.#.....##
#.......###...


You could see an orc sorcerer and a red devil.

Vanquished Creatures
  Kirke (D:12)
  2 orc warlords (Orc:1)
  An ettin (D:12)
  Fannar (D:11)
  Harold (D:9)
  2 hydras (D:12)
  5 orc high priests
  A sun demon (Orc:2)
  Nergalle (D:12)
  The ghost of Xiguana the Skirmisher, a novice FoFi (D:7)
  A deep troll (D:10)
  A torturous demonspawn (Orc:2)
  2 unseen horrors
  6 hill giants
  Pikel (D:8)
  7 orc knights
  4 orc sorcerers
  The ghost of Amnesiac the Basher, a novice OgMo (D:6)
  4 cyclopes
  3 manticores
  An orange demon (Orc:2)
  A gargoyle (D:12)
  The ghost of Ruebezahl the Destroyer, a novice DECj (D:9)
  A hellwing (Orc:2)
  2 trolls
  A two-headed ogre (D:9)
  2 hippogriffs
  2 shadows
  A spriggan (D:9)
  A wraith (Ossuary)
  A ynoxinul (Orc:2)
  2 wyverns
  2 hungry ghosts
  10 yaks
  A hog (D:12)
  4 wargs
  A vampire mosquito (D:10)
  Menkaure (D:7)
  A neqoxec (Orc:2)
  A soldier ant (D:11)
  The ghost of Draxdyn the Conjurer, an amateur DECj (Ossuary)
  A water moccasin (D:6)
  A porcupine (D:10)
  7 sky beasts
  4 slaves (D:8)
  A phantom (D:7)
  A wasp (D:9)
  3 ice beasts
  38 orc warriors
  2 necrophages
  11 centaurs
  18 ogres
  A big kobold (D:12)
  Blork the orc (Temple)
  6 bullfrogs
  A wyvern zombie (D:7)
  10 wights
  An electric eel (D:6)
  3 howler monkeys (D:8)
  A crimson imp (D:6)
  3 centaur zombies
  2 quasits (D:9)
  4 jellies
  A bullfrog zombie (D:11)
  3 bullfrog skeletons
  23 orc priests
  A gnoll shaman (D:5)
  12 hounds
  A human zombie (Ossuary)
  16 orc wizards
  Natasha (thrice) (D:2)
  Jessica (D:2)
  6 centaur skeletons
  3 iguanas
  3 hell rats
  13 worker ants
  The ghost of Amnesiac the Cudgeler, a weakling OgMo (D:4)
  A killer bee zombie (D:6)
  A hound zombie (D:6)
  A hound skeleton (D:5)
  3 mummies (Ossuary)
  A howler monkey zombie (D:8)
  19 adders
  16 gnolls
  A howler monkey skeleton (D:5)
  A river rat (D:10)
  2 shadow imps
  2 adder skeletons
  3 worms
  2 dart slugs
  6 leopard geckos
  126 orcs
  12 bats
  3 giant cockroaches
  A gnoll zombie (Ossuary)
  6 goblins
  9 hobgoblins
  15 jackals
  15 kobolds
  8 quokkas
  4 frilled lizards
  4 goblin zombies (Ossuary)
  A hobgoblin zombie (Ossuary)
  A jackal skeleton (D:9)
  A kobold zombie (Ossuary)
  A quokka skeleton (D:9)
  A quokka zombie (D:6)
  10 rats
568 creatures vanquished.

Vanquished Creatures (others)
  A human (D:12)
  A quasit (D:12)
  An orc priest (Orc:2)
  An iguana (D:12)
  A goblin zombie (Ossuary)
5 creatures vanquished.

Grand Total: 573 creatures vanquished

Notes
Turn   | Place    | Note
-------+----------+-------------------------------------------
     0 | D:1      | Amnesiac the Ogre Monk began the quest for the Orb.
     0 | D:1      | Reached XP level 1. HP: 24/24 MP: 1/1
   238 | D:2      | Found a hide-covered altar of Uskayaw.
   310 | D:3      | Reached XP level 2. HP: 31/33 MP: 2/2
   331 | D:3      | Reached XP level 3. HP: 13/40 MP: 3/3
   341 | D:3      | HP: 1/40 [orc/whip (4)]
   377 | D:3      | HP: 2/40 [orc/whip (2)]
   389 | D:3      | HP: 2/40 [orc/club (1)]
   846 | D:3      | Reached skill level 5 in Maces & Flails
   852 | D:3      | Found a sparkling altar of Nemelex Xobeh.
   918 | D:4      | Found Jeokhlic's Book Shop.
   991 | D:4      | Noticed Blork the orc
   996 | D:4      | Noticed Amnesiac's ghost (weakling OgMo)
  1153 | D:5      | Entered Level 5 of the Dungeon
  1166 | D:5      | Reached XP level 4. HP: 41/49 MP: 4/4
  1301 | D:5      | Reached skill level 5 in Fighting
  1393 | D:5      | Reached XP level 5. HP: 57/57 MP: 5/5
  1436 | D:5      | Found a bloodstained altar of Trog.
  1521 | D:5      | Reached skill level 6 in Maces & Flails
  1948 | D:3      | Found a blossoming altar of Fedhas.
  2262 | D:4      | Found a staircase to the Ecumenical Temple.
  2272 | Temple   | Entered the Ecumenical Temple
  2325 | Temple   | Became a worshipper of Gozag Ym Sagoz the Greedy
  2349 | D:4      | Noticed an ogre
  2355 | Temple   | Reached XP level 6. HP: 56/67 MP: 6/6
  2462 | Temple   | Killed Blork the orc
  2462 | Temple   | Reached skill level 7 in Maces & Flails
  3385 | D:2      | Noticed Jessica
  3408 | D:2      | Killed Jessica
  3527 | D:2      | Reached XP level 7. HP: 75/75 MP: 7/7
  3893 | D:2      | Noticed Natasha
  3900 | D:2      | Killed Natasha
  3900 | D:2      | Reached skill level 8 in Maces & Flails
  3919 | D:2      | Found an iron altar of Okawaru.
  4209 | D:2      | Noticed Natasha
  4214 | D:2      | Killed Natasha
  4334 | D:2      | Noticed Natasha
  4350 | D:2      | Killed Natasha
  4733 | D:4      | Killed Amnesiac's ghost
  4947 | D:5      | Noticed a troll
  4998 | D:5      | Reached skill level 9 in Maces & Flails
  4998 | D:5      | Reached XP level 8. HP: 55/87 MP: 8/8
  5650 | D:6      | Noticed Amnesiac's ghost (novice OgMo)
  5676 | D:6      | Killed Amnesiac's ghost
  5676 | D:6      | Reached skill level 10 in Maces & Flails
  5676 | D:6      | Reached skill level 5 in Dodging
  6153 | D:6      | Found a shimmering altar of Xom.
  6409 | D:6      | Reached XP level 9. HP: 82/97 MP: 9/9
  6866 | D:7      | Reached skill level 11 in Maces & Flails
  6867 | D:7      | Noticed a manticore
  6966 | D:7      | Noticed Xiguana's ghost (novice FoFi)
  7730 | D:6      | Gained mutation: You expend magic power (3 MP) to strengthen your wands. [potion of mutation]
  7730 | D:6      | Gained mutation: You regenerate slowly when monsters are visible. [potion of mutation]
  7730 | D:6      | Gained mutation: You are clumsy. (Dex -2) [potion of mutation]
  7731 | D:6      | Lost mutation: You expend magic power (3 MP) to strengthen your wands. [potion of cure mutation]
  7731 | D:6      | Lost mutation: You regenerate slowly when monsters are visible. [potion of cure mutation]
  7731 | D:6      | Lost mutation: You are clumsy. (Dex -2) [potion of cure mutation]
  8197 | D:7      | Killed a manticore
  8197 | D:7      | Reached skill level 12 in Maces & Flails
  8639 | D:7      | Killed Xiguana's ghost
  8639 | D:7      | Reached skill level 10 in Fighting
  8639 | D:7      | Reached skill level 13 in Maces & Flails
  8639 | D:7      | Reached XP level 10. HP: 62/110 MP: 10/10
  8734 | D:7      | Noticed Menkaure
  8745 | D:7      | Killed Menkaure
  9860 | D:8      | Noticed Pikel
  9874 | D:8      | Killed Pikel
  9936 | D:8      | Found a sand-covered staircase.
  9940 | Ossuary  | Entered an ossuary
 10125 | Ossuary  | Noticed Draxdyn's ghost (amateur DECj)
 10133 | Ossuary  | Killed Draxdyn's ghost
 10352 | Ossuary  | Reached skill level 14 in Maces & Flails
 10543 | D:8      | Found a burning altar of Makhleb.
 10646 | D:8      | Found a white marble altar of Elyvilon.
 10850 | D:8      | Found a basalt altar of Yredelemnul.
 11088 | D:9      | Bought a thick robe for 171 gold pieces
 11098 | D:9      | Identified the +1 robe of the Elven Halls {*Slow rElec rN++ Str+4} (You bought it in a shop on level 9 of the Dungeon)
 11243 | D:9      | Noticed a hill giant
 11254 | D:9      | Killed a hill giant
 11254 | D:9      | Reached XP level 11. HP: 120/120 MP: 11/11
 11274 | D:9      | Noticed a hill giant
 11289 | D:9      | Killed a hill giant
 11289 | D:9      | Reached skill level 15 in Maces & Flails
 11428 | D:9      | Noticed Ruebezahl's ghost (novice DECj)
 12010 | D:9      | Killed Ruebezahl's ghost
 12324 | D:10     | Entered Level 10 of the Dungeon
 12383 | D:10     | Found a staircase to the Lair.
 12383 | D:10     | Noticed Harold
 12399 | D:9      | Killed Harold
 12799 | D:10     | Noticed a hill giant
 12811 | D:10     | Reached skill level 16 in Maces & Flails
 12820 | D:10     | Killed a hill giant
 12999 | D:10     | Found a large runed door.
 13000 | D:10     | Found a large runed door.
 13060 | D:10     | Found a roughly hewn altar of Beogh.
 13736 | D:10     | Noticed a hill giant
 13745 | D:10     | Killed a hill giant
 13745 | D:10     | Reached XP level 12. HP: 132/132 MP: 12/12
 14084 | D:10     | Reached skill level 17 in Maces & Flails
 14416 | D:10     | Found a deep blue altar of Sif Muna.
 14419 | D:10     | Found a shadowy altar of Dithmenos.
 14883 | D:11     | Noticed Fannar
 14914 | D:11     | Killed Fannar
 15359 | D:12     | Noticed a five-headed hydra
 15365 | D:12     | Killed a five-headed hydra
 15471 | D:12     | Reached skill level 18 in Maces & Flails
 15535 | D:12     | Bought a +1 swamp dragon armour for 658 gold pieces
 15581 | D:12     | Noticed Nergalle
 15590 | D:12     | Killed Nergalle
 15590 | D:12     | Reached skill level 10 in Dodging
 15628 | D:12     | Reached skill level 1 in Armour
 15686 | D:12     | Found a runed door.
 15687 | D:12     | Noticed a yaktaur captain
 15688 | D:12     | Noticed a fire dragon
 15796 | D:12     | Noticed Kirke
 15805 | D:12     | Killed Kirke
 15810 | D:12     | Reached XP level 13. HP: 125/144 MP: 13/13
 15998 | D:12     | Reached skill level 5 in Armour
 16279 | D:12     | Found a staircase to the Orcish Mines.
 16296 | D:12     | Found Kyupaf's Gadget Shoppe.
 16339 | Orc:1    | Entered Level 1 of the Orcish Mines
 16347 | Orc:1    | Noticed an orc warlord
 16550 | Orc:1    | Noticed an ettin
 16894 | D:12     | Killed an ettin
 17515 | Orc:1    | Killed an orc warlord
 17733 | Orc:1    | Found Xicuuden's Gadget Shoppe.
 17759 | Orc:1    | Noticed an orc warlord
 17800 | Orc:1    | Killed an orc warlord
 18553 | Orc:2    | Entered Level 2 of the Orcish Mines
 18720 | Orc:2    | Found Puenu's Magic Scroll Boutique.
 18721 | Orc:2    | Found Axeilok's Magic Scroll Shop.
 18769 | Orc:2    | Gained mutation: Potions and wands are less effective at restoring your health. [a neqoxec]
 19063 | Orc:2    | Bought a scroll of enchant armour for 97 gold pieces
 19063 | Orc:2    | Bought a scroll of brand weapon for 260 gold pieces
 19120 | Orc:2    | Found a roughly hewn altar of Beogh.
 19140 | Orc:2    | Found a staircase to the Elven Halls.
 19554 | Orc:2    | Found Robarask's Distillery.
 19569 | Orc:2    | Bought a potion of mutation for 32 gold pieces
 19569 | Orc:2    | Gained mutation: Your mind is acute. (Int +2) [potion of mutation]
 19569 | Orc:2    | Gained mutation: You are robust. (+10% HP) [potion of mutation]
 19951 | Orc:2    | Reached XP level 14. HP: 139/169 MP: 14/14
 19958 | Orc:2    | Reached skill level 10 in Armour
 20552 | Orc:2    | Killed from afar by an orc sorcerer

Vault maps used:
D:1:      nicolae_arrival_somewhat_less_tricky_arrival, minmay_tetromino_i4
D:2:      okawaru_altar_gauntlet_db, eat_drink_and_be_merry_uskayaw,
          uniq_natasha, uniq_jessica
D:3:      lemuel_doored_altar, nicolae_overflow_crystal_walls, first_bread
D:4:      serial_shops, nicolae_shop_trees, uniq_blork_the_orc
D:5:      solitary_fountain, trog_book
D:6:      xom_teletrap_fun, serial_bayou, serial_bayou_pond_a,
          serial_bayou_ford_a, serial_bayou_pond_c, serial_bayou_crossing
D:7:      uniq_menkaure
D:8:      nicolae_overflow_hidden_temple, basic_altar, enter_ossuary_5,
          uniq_pikel
D:9:      grunt_pizzeria
D:10:     dpeg_lair_monsters, jmf_multi_god_temple2, uniq_harold
D:11:     hex_tiny, uniq_fannar
D:12:     orc_0_dummy, serial_shops,
          nicolae_shop_temple_entry_statues_fountains, kennysheep_treasure_room,
          uniq_nergalle, uniq_kirke
Temple:   minmay_temple_bridge_abc
Orc:1:    serial_shops, nicolae_shop_stone
Orc:2:    pf_orc_diabolical, basic_altar, serial_shops, shop_coins, special_room
Ossuary:  ossuary_kennysheep_city_of_the_dead

Skill      XL: |  1  2  3  4  5  6  7  8  9 10 11 12 13 14 |
---------------+-------------------------------------------+-----
Maces & Flails | 5 6 7 9 10 13 14 16 18 | 18.1
Dodging        | 3 4 5 6 7 9 10 | 10.0
Fighting       | 5 6 7 8 10 11 12 13 | 13.7
Armour         | 3 9 10 | 10.9
Stealth        | |  1.5

Action                   |  1- 3 |  4- 6 |  7- 9 | 10-12 | 13-15 || total
-------------------------+-------+-------+-------+-------+-------++-------
Melee: Mace              |   124 |   187 |   398 |       |       ||   709
       Giant club        |       |       |    61 |   366 |       ||   427
       Dire flail        |       |       |       |   318 |   627 ||   945
Throw: Large rock        |       |       |       |       |     3 ||     3
       Throwing net      |       |       |       |       |     1 ||     1
Invok: Call Merchant     |       |       |     1 |     2 |       ||     3
       Potion Petition   |       |       |     1 |       |       ||     1
Evoke: Wand              |       |       |       |     3 |       ||     3
  Use: Scroll            |     2 |       |    13 |    16 |     2 ||    33
       Potion            |     1 |       |     2 |     2 |     3 ||     8
 Stab: Sleeping          |     1 |     2 |       |     4 |       ||     7
       Distracted        |       |       |       |     5 |     5 ||    10
  Eat: Chunk             |     1 |     4 |       |       |       ||     5
       Fruit             |       |     2 |       |       |     8 ||    10
       Beef jerky        |       |     1 |       |       |       ||     1
       Pizza             |       |       |     5 |       |       ||     5
       Bread ration      |       |       |     3 |     2 |       ||     5
       Meat ration       |       |       |       |     4 |     1 ||     5
       Royal jelly       |       |       |       |       |     1 ||     1
Armor: Robe              |    52 |    87 |   129 |   107 |       ||   375
       Swamp dragon armo |       |       |       |     6 |   139 ||   145
Dodge: Dodged            |    84 |   151 |   275 |   355 |   353 ||  1218
